SAN JOSE Sharks vs NEW YORK Rangers

Created - 25 février 2024 at 14:45

Goals
1 2 3 T
SAN JOSE Sharks 1 2 0 3
NEW YORK Rangers 1 2 1 4
Shots
1 2 3 T
SAN JOSE Sharks 9 12 14 35
NEW YORK Rangers 11 15 9 35

1st period

1. SAN JOSE Sharks , John Tavares 11 (Kyle Connor 18, John Klingberg 14) at 3:56 (PP)
2. NEW YORK Rangers , Tyler Myers 6 (Brayden Schenn 12, Kasperi Kapanen 9) at 5:24 (PP)

Penalties :
Justin Faulk (NYR) for Slashing (Minor) at 3:22, John Klingberg (SJS) for Tripping (Minor) at 4:12, Tyler Myers (NYR) for Interference (Minor) at 11:59, Troy Stecher (SJS) for Slashing (Minor) at 17:12

2nd period

3. NEW YORK Rangers , Conor Garland 6 (Timo Meier 8, Cam Fowler 13) at 1:50
4. SAN JOSE Sharks , John Klingberg 2 (Jack Johnson 12) at 4:01 (SH)
5. NEW YORK Rangers , Jamie Benn 8 (Justin Faulk 18, Chris Kreider 12) at 6:59 (PP)
6. SAN JOSE Sharks , Kyle Connor 11 (John Tavares 13, Joe Pavelski 16) at 8:33

Penalties :
Kyle Connor (SJS) for Tripping (Minor) at 3:23, Matt Nieto (SJS) for Hooking (Minor) at 5:27, Jack Johnson (SJS) for High sticking (Minor) at 9:03, Chris Kreider (NYR) for Hooking (Minor) at 12:10, Brayden McNabb (SJS) for High sticking (Minor) at 14:44, Jacob Middleton (NYR) for Cross-checking (Minor) at 18:22

3rd period

7. NEW YORK Rangers , Brayden Schenn 5 (Timo Meier 9) at 17:14

Penalties :
Jacob Middleton (NYR) for High sticking (Minor) at 3:19, Cam Fowler (NYR) for Interference (Minor) at 13:49, John Tavares (SJS) for Delaying the game (Minor) at 17:59

Goalie Stats

Semyon Varlamov (SJS), 31 saves from 35 shots - (0,886), L, 5-3-0, 60:00 minutes
Linus Ullmark (NYR), 32 saves from 35 shots - (0,914), W, 14-5-3, 60:00 minutes

Players Stats for SAN JOSE Sharks

Player Name              G  A  P  +/- PIM S  H  SB GA TA FO     MP     PP MP  PK MP  
------------------------------------------------------------------------------------
Andrew Mangiapane        0  0  0  -1  0   4  0  1  0  0  1/3    14:39   3:32   0:00 
Austin Watson            0  0  0   1  0   0  0  0  0  0  0/0     6:20   0:00   1:30 
Brayden McNabb           0  0  0  -1  2   3  3  1  0  0  0/0    26:45   5:15   5:57 
Brett Howden             0  0  0   0  0   0  0  0  0  0  1/5     4:50   0:00   0:00 
Cam Atkinson             0  0  0   0  0   0  0  0  0  0  0/0     4:50   0:00   0:00 
Cody Ceci                0  0  0  -1  0   2  1  3  0  0  0/0    27:30   4:51   7:05 
Evander Kane             0  0  0  -1  0   4  4  0  0  0  0/0    14:39   3:32   0:00 
Jack Johnson             0  1  1   1  2   0  4  2  0  0  0/0    21:10   4:51   5:14 
Joe Pavelski             0  1  1   0  0   2  0  0  0  0  1/1    19:36   6:57   0:00 
John Klingberg           1  1  2   1  2   2  2  0  0  0  0/0    21:12   5:15   4:52 
John Tavares             1  1  2   1  2   4  1  0  0  0  29/45  26:27   6:57   6:52 
Kyle Connor              1  1  2   0  2   6  0  0  0  0  0/1    26:35   6:57   7:01 
Matias Maccelli          0  0  0   0  0   2  0  0  0  0  1/3     8:16   0:00   0:00 
Matt Nieto               0  0  0   0  2   1  0  0  0  0  0/0    10:54   0:00   2:38 
Nick Cousins             0  0  0   0  0   1  0  0  0  0  8/11    9:52   0:00   1:36 
Oliver Kylington         0  0  0   0  0   0  1  1  0  0  0/0    10:55   0:23   0:20 
Sam Bennett              0  0  0  -1  0   3  3  0  0  0  15/34  20:20   3:32   5:41 
Troy Stecher             0  0  0   0  2   1  0  0  0  0  0/0    12:24   0:23   1:50 

Players Stats for NEW YORK Rangers

Player Name              G  A  P  +/- PIM S  H  SB GA TA FO     MP     PP MP  PK MP  
------------------------------------------------------------------------------------
Andrew Copp              0  0  0   0  0   5  1  0  0  0  6/7    13:34   6:10   0:00 
Brayden Schenn           1  1  2   1  0   2  2  0  0  0  14/31  22:17   6:29   4:26 
Cam Fowler               0  1  1   1  2   3  0  1  0  0  0/0    22:19   6:36   3:57 
Casey Cizikas            0  0  0   0  0   1  1  0  0  0  4/7     5:32   0:00   0:00 
Chris Kreider            0  1  1  -1  2   2  1  0  0  0  0/2    24:15   6:10   5:31 
Conor Garland            1  0  1   2  0   2  2  0  0  0  0/2    11:22   0:00   0:00 
Dante Fabbro             0  0  0   0  0   0  1  0  0  0  0/0    10:34   0:00   0:00 
Jacob Middleton          0  0  0   0  4   1  5  0  0  0  0/0    13:00   0:00   2:28 
Jamie Benn               1  0  1  -1  0   7  3  0  0  0  21/49  25:54   6:10   7:09 
Jared Spurgeon           0  0  0  -1  0   0  2  2  0  0  0/0    26:41   6:03   6:07 
Justin Faulk             0  1  1  -1  2   1  5  0  0  0  0/0    25:24   6:03   4:51 
Kasperi Kapanen          0  1  1  -1  0   3  1  0  0  0  0/0    13:52   6:29   0:00 
Kirill Marchenko         0  0  0   0  0   0  0  0  0  0  0/1     7:23   0:00   0:00 
Mats Zuccarello          0  0  0  -1  0   2  0  0  0  0  0/0    12:34   0:00   0:00 
Ryan Lomberg             0  0  0   0  0   0  1  0  0  0  0/0     5:32   0:00   0:00 
Timo Meier               0  2  2   1  0   3  1  1  0  0  2/3    20:50   6:29   2:59 
Tyler Myers              1  0  1   1  2   3  1  1  0  0  0/0    21:57   6:36   3:35 
Vladislav Namestnikov    0  0  0   0  0   0  0  0  0  0  0/1     6:25   0:00   0:53 

3 Stars

1 - Brayden Schenn (NYR)
2 - Conor Garland (NYR)
3 - Timo Meier (NYR)

Power Play

SAN JOSE Sharks - 1 on 6 Attempt(s) - 16,67%
NEW YORK Rangers - 2 on 7 Attempt(s) - 28,57%

Penalty Kill

SAN JOSE Sharks - 5 on 7 Attempt(s) - 71,43% - Score 1 goal in Penalty Kill
NEW YORK Rangers - 5 on 6 Attempt(s) - 83,33% - Score 0 goal in Penalty Kill

Team Stat

SAN JOSE Sharks - Hits : 19 - Faceoff Wins : 56 - Blocked Shots : 8 - Penalty Minutes : 14
NEW YORK Rangers - Hits : 27 - Faceoff Wins : 47 - Blocked Shots : 5 - Penalty Minutes : 12

Official

Referees : Phillip Brooks and Cody Beach
Linesman : Daniel Negreanu and Kory Nagy

Game Notes

No Game Note

Finance

Level 1 -- Attendance: 5390 (89,83%) -- Ticket Income $539,000
Level 2 -- Attendance: 4169 (83,38%) -- Ticket Income $250,140
Level 3 -- Attendance: 1845 (92,25%) -- Ticket Income $64,575
Level 4 -- Attendance: 3931 (98,28%) -- Ticket Income $78,620
Luxury Box -- Attendance: 787 (78,70%) -- Ticket Income $157,400
Game was played at the Madison Square Garden.
Total Attendance: 16122 (89,57%)
Total Ticket Income: $1,089,735
Other Income: $272,434
Total Income: $1,362,169

SAN JOSE Sharks

5 vs 5 Forward 
   Center                   Left Wing                Right Wing               Time % Phy DF OF 
 1 John Tavares             Kyle Connor              Joe Pavelski             40     1   2  2  
 2 Sam Bennett              Evander Kane             Andrew Mangiapane        30     1   2  2  
 3 Nick Cousins             Matias Maccelli          Matt Nieto               20     1   2  2  
 4 Brett Howden             Cam Atkinson             Austin Watson            10     1   2  2  

5 vs 5 Defense 
   Defense                  Defense                                           Time % Phy DF OF 
 1 Brayden McNabb           Cody Ceci                                         40     1   2  2  
 2 John Klingberg           Jack Johnson                                      30     1   2  2  
 3 Troy Stecher             Oliver Kylington                                  20     1   2  2  
 4 Brayden McNabb           Cody Ceci                                         10     1   2  2  

PowerPlay Forward 
   Center                   Left Wing                Right Wing               Time % Phy DF OF 
 1 John Tavares             Kyle Connor              Joe Pavelski             60     1   1  3  
 2 Sam Bennett              Evander Kane             Andrew Mangiapane        40     1   2  2  

PowerPlay Defense
   Defense                  Defense                                           Time % Phy DF OF 
 1 Brayden McNabb           John Klingberg                                    60     1   2  2  
 2 Cody Ceci                Jack Johnson                                      40     1   2  2  

Penalty Kill 4 Players Forward 
   Center                   Wing                     Time % Phy DF OF 
 1 John Tavares             Kyle Connor              60     1   2  2  
 2 Sam Bennett              Matt Nieto               40     1   2  2  

Penalty Kill 4 Players Defense
   Defense                  Defense                  Time % Phy DF OF 
 1 Brayden McNabb           Cody Ceci                60     1   2  2  
 2 John Klingberg           Jack Johnson             40     1   2  2  

Penalty Kill - 3 Players Forward 
   Forward                                           Time % Phy DF OF 
 1 John Tavares                                      60     1   2  2  
 2 Sam Bennett                                       40     1   2  2  

Penalty Kill - 3 Players Defense
   Defense                  Defense                  Time % Phy DF OF 
 1 Brayden McNabb           Cody Ceci                60     1   2  2  
 2 John Klingberg           Jack Johnson             40     1   2  2  

4 vs 4 Forward 
   Center                   Wing                     Time % Phy DF OF 
 1 John Tavares             Kyle Connor              60     1   2  2  
 2 Sam Bennett              Matt Nieto               40     1   2  2  

4 vs 4 Defense
   Defense                  Defense                  Time % Phy DF OF 
 1 Brayden McNabb           Cody Ceci                60     1   2  2  
 2 John Klingberg           Jack Johnson             40     1   2  2  

Last Minutes Offensive
   Center                   Left Wing                Right Wing               Defense                  Defense                  
   John Tavares             Kyle Connor              Joe Pavelski             Brayden McNabb           Cody Ceci                

Last Minutes Defensive
   Center                   Left Wing                Right Wing               Defense                  Defense                  
   John Tavares             Kyle Connor              Joe Pavelski             Brayden McNabb           Cody Ceci                

Goaltenders
Starting : Semyon Varlamov          
Backup : Ville Husso              

Extra Forwards
Normal : Sam Bennett, Matt Nieto, Evander Kane - PP : Sam Bennett, Matt Nieto - PK : Sam Bennett
Extra Defensemen
Normal : Jack Johnson, Troy Stecher, Oliver Kylington - PP : Jack Johnson - PK : Jack Johnson, Troy Stecher
Penalty Shots
Joe Pavelski, John Tavares, Kyle Connor, Andrew Mangiapane, Sam Bennett

Scratches
None

NEW YORK Rangers

5 vs 5 Forward 
   Center                   Left Wing                Right Wing               Time % Phy DF OF 
 1 Jamie Benn               Chris Kreider            Mats Zuccarello          40     1   1  3  
 2 Brayden Schenn           Timo Meier               Conor Garland            30     1   2  2  
 3 Andrew Copp              Kasperi Kapanen          Kirill Marchenko         20     1   3  1  
 4 Casey Cizikas            Ryan Lomberg             Vladislav Namestnikov    10     3   2  0  

5 vs 5 Defense 
   Defense                  Defense                                           Time % Phy DF OF 
 1 Jared Spurgeon           Justin Faulk                                      40     1   2  2  
 2 Cam Fowler               Tyler Myers                                       33     1   2  2  
 3 Jacob Middleton          Dante Fabbro                                      26     3   2  0  
 4 Jared Spurgeon           Justin Faulk                                      1      1   2  2  

PowerPlay Forward 
   Center                   Left Wing                Right Wing               Time % Phy DF OF 
 1 Jamie Benn               Chris Kreider            Andrew Copp              60     1   2  2  
 2 Brayden Schenn           Timo Meier               Kasperi Kapanen          40     1   2  2  

PowerPlay Defense
   Defense                  Defense                                           Time % Phy DF OF 
 1 Jared Spurgeon           Justin Faulk                                      60     1   2  2  
 2 Cam Fowler               Tyler Myers                                       40     1   2  2  

Penalty Kill 4 Players Forward 
   Center                   Wing                     Time % Phy DF OF 
 1 Jamie Benn               Chris Kreider            60     1   2  2  
 2 Brayden Schenn           Timo Meier               40     1   2  2  

Penalty Kill 4 Players Defense
   Defense                  Defense                  Time % Phy DF OF 
 1 Jared Spurgeon           Justin Faulk             60     1   2  2  
 2 Cam Fowler               Tyler Myers              40     1   2  2  

Penalty Kill - 3 Players Forward 
   Forward                                           Time % Phy DF OF 
 1 Jamie Benn                                        60     1   2  2  
 2 Brayden Schenn                                    40     1   2  2  

Penalty Kill - 3 Players Defense
   Defense                  Defense                  Time % Phy DF OF 
 1 Jared Spurgeon           Justin Faulk             60     1   2  2  
 2 Cam Fowler               Tyler Myers              40     1   2  2  

4 vs 4 Forward 
   Center                   Wing                     Time % Phy DF OF 
 1 Jamie Benn               Chris Kreider            60     1   2  2  
 2 Brayden Schenn           Timo Meier               40     1   2  2  

4 vs 4 Defense
   Defense                  Defense                  Time % Phy DF OF 
 1 Jared Spurgeon           Justin Faulk             60     1   2  2  
 2 Cam Fowler               Tyler Myers              40     1   2  2  

Last Minutes Offensive
   Center                   Left Wing                Right Wing               Defense                  Defense                  
   Jamie Benn               Chris Kreider            Andrew Copp              Jared Spurgeon           Justin Faulk             

Last Minutes Defensive
   Center                   Left Wing                Right Wing               Defense                  Defense                  
   Jamie Benn               Chris Kreider            Andrew Copp              Jared Spurgeon           Justin Faulk             

Goaltenders
Starting : Linus Ullmark            
Backup : Eric Comrie              

Extra Forwards
Normal : Brayden Schenn, Andrew Copp, Conor Garland - PP : Brayden Schenn, Andrew Copp - PK : Brayden Schenn
Extra Defensemen
Normal : Tyler Myers, Jacob Middleton, Dante Fabbro - PP : Tyler Myers - PK : Tyler Myers, Jacob Middleton
Penalty Shots
Jamie Benn, Chris Kreider, Timo Meier, Mats Zuccarello, Brayden Schenn

Scratches
Mason Shaw (Healthy)

% Time on Ice - SAN JOSE Sharks

Lines # - Real PCT - Wanted PCT - Time Play
Normal Forward
1 - 34% - 40% - 12:38
2 - 30% - 30% - 11:07
3 - 22% - 20% - 8:16
4 - 13% - 10% - 4:50
Normal Defense
1 - 40% - 40% - 14:45
2 - 30% - 30% - 11:06
3 - 28% - 20% - 10:12
4 - 2% - 10% - 0:48
PP Forward
1 - 66% - 60% - 6:57
2 - 34% - 40% - 3:32
PP Defense
1 - 54% - 60% - 5:38
2 - 46% - 40% - 4:51
PK Forward
1 - 76% - 60% - 9:37
2 - 24% - 40% - 3:02
PK Defense
1 - 56% - 60% - 7:05
2 - 44% - 40% - 5:34
PK3 Forward
1 - 0% - 60%
2 - 0% - 40%
PK3 Defense
1 - 0% - 60%
2 - 0% - 40%
44 Forward
1 - 0% - 60%
2 - 0% - 40%
44 Defense
1 - 0% - 60%
2 - 0% - 40%
Last Minute Offensive  - 0:01
Last Minute Defensive  - 0:00
Total
Forward - 60:00
Defense - 60:00

% Time on Ice - NEW YORK Rangers

Lines # - Real PCT - Wanted PCT - Time Play
Normal Forward
1 - 34% - 40% - 12:34
2 - 31% - 30% - 11:22
3 - 20% - 20% - 7:23
4 - 15% - 10% - 5:32
Normal Defense
1 - 39% - 40% - 14:30
2 - 32% - 33% - 11:47
3 - 29% - 26% - 10:34
4 - 0% - 1% - 0:00
PP Forward
1 - 49% - 60% - 6:10
2 - 51% - 40% - 6:29
PP Defense
1 - 48% - 60% - 6:03
2 - 52% - 40% - 6:36
PK Forward
1 - 72% - 60% - 7:30
2 - 28% - 40% - 2:59
PK Defense
1 - 52% - 60% - 5:25
2 - 48% - 40% - 5:04
PK3 Forward
1 - 0% - 60%
2 - 0% - 40%
PK3 Defense
1 - 0% - 60%
2 - 0% - 40%
44 Forward
1 - 0% - 60%
2 - 0% - 40%
44 Defense
1 - 0% - 60%
2 - 0% - 40%
Last Minute Offensive  - 0:00
Last Minute Defensive  - 0:01
Total
Forward - 60:00
Defense - 60:00

Play-by-Play

1st period


0:01 of 1st period - John Tavares wins face-off versus Jamie Benn in neutral zone.
0:23 of 1st period - Jamie Benn is hit by Brayden McNabb.
1:56 of 1st period - Icing by Cam Fowler.
1:57 of 1st period - Brett Howden wins face-off versus Brayden Schenn in NEW YORK Rangers zone.
2:04 of 1st period - Shot by Cam Atkinson.
2:04 of 1st period - Shot Misses the Net.
2:18 of 1st period - Icing by Tyler Myers.
2:19 of 1st period - Nick Cousins wins face-off versus Brayden Schenn in NEW YORK Rangers zone.
3:18 of 1st period - Shot by John Tavares.
3:18 of 1st period - Stopped by Linus Ullmark without a rebound.
3:19 of 1st period - Sam Bennett wins face-off versus Jamie Benn in NEW YORK Rangers zone.
3:22 of 1st period - Shot by Evander Kane.
3:22 of 1st period - Stopped by Linus Ullmark without a rebound.
3:22 of 1st period - Minor Penalty to Justin Faulk for Slashing.
3:23 of 1st period - Jamie Benn wins face-off versus John Tavares in NEW YORK Rangers zone.
3:52 of 1st period - Shot by John Klingberg.
3:52 of 1st period - Shot Misses the Net.
3:54 of 1st period - Shot by Kyle Connor.
3:54 of 1st period - Shot Misses the Net.
3:56 of 1st period - Shot by John Tavares.
3:56 of 1st period - Goal by John Tavares - SAN JOSE Sharks : 1 - NEW YORK Rangers : 0.
3:57 of 1st period - Sam Bennett wins face-off versus Casey Cizikas in neutral zone.
4:09 of 1st period - Shot by Casey Cizikas.
4:09 of 1st period - Shot Misses the Net.
4:11 of 1st period - Shot by Justin Faulk.
4:11 of 1st period - Stopped by Semyon Varlamov without a rebound.
4:12 of 1st period - Andrew Copp wins face-off versus Brett Howden in SAN JOSE Sharks zone.
4:12 of 1st period - Minor Penalty to John Klingberg for Tripping.
4:13 of 1st period - John Tavares wins face-off versus Jamie Benn in SAN JOSE Sharks zone.
4:42 of 1st period - Shot by Jared Spurgeon.
4:42 of 1st period - Deflect By Jamie Benn.
4:42 of 1st period - Stopped by Semyon Varlamov without a rebound.
4:43 of 1st period - Brayden Schenn wins face-off versus John Tavares in SAN JOSE Sharks zone.
5:24 of 1st period - Shot by Tyler Myers.
5:24 of 1st period - Goal by Tyler Myers - SAN JOSE Sharks : 1 - NEW YORK Rangers : 1.
5:25 of 1st period - Jamie Benn wins face-off versus Brett Howden in neutral zone.
6:56 of 1st period - Kyle Connor is hit by Jared Spurgeon and loses puck.
7:06 of 1st period - John Tavares is hit by Justin Faulk and loses puck.
7:16 of 1st period - Off-side.
7:17 of 1st period - Andrew Copp wins face-off versus Sam Bennett in neutral zone.
7:25 of 1st period - Icing by Andrew Mangiapane.
7:26 of 1st period - Sam Bennett wins face-off versus Jamie Benn in SAN JOSE Sharks zone.
7:36 of 1st period - Icing by Chris Kreider.
7:37 of 1st period - Matias Maccelli wins face-off versus Jamie Benn in NEW YORK Rangers zone.
7:56 of 1st period - Shot by Jamie Benn.
7:56 of 1st period - Stopped by Semyon Varlamov without a rebound.
7:57 of 1st period - Andrew Copp wins face-off versus John Tavares in SAN JOSE Sharks zone.
8:02 of 1st period - Shot by Kasperi Kapanen.
8:02 of 1st period - Stopped by Semyon Varlamov with a rebound.
8:04 of 1st period - Shot by Andrew Copp.
8:04 of 1st period - Stopped by Semyon Varlamov without a rebound.
8:05 of 1st period - Jamie Benn wins face-off versus John Tavares in SAN JOSE Sharks zone.
8:40 of 1st period - Shot by Kyle Connor.
8:40 of 1st period - Stopped by Linus Ullmark with a rebound.
9:22 of 1st period - Shot by Andrew Copp.
9:22 of 1st period - Stopped by Semyon Varlamov without a rebound.
9:23 of 1st period - Brayden Schenn wins face-off versus Sam Bennett in SAN JOSE Sharks zone.
9:24 of 1st period - Shot by Timo Meier.
9:24 of 1st period - Stopped by Semyon Varlamov without a rebound.
9:25 of 1st period - Brayden Schenn wins face-off versus Sam Bennett in SAN JOSE Sharks zone.
9:39 of 1st period - Timo Meier is hit by Jack Johnson and loses puck.
9:49 of 1st period - Conor Garland is hit by Jack Johnson and loses puck.
9:56 of 1st period - Shot by Timo Meier.
9:56 of 1st period - Stopped by Semyon Varlamov with a rebound.
10:42 of 1st period - Icing by Brayden Schenn.
10:43 of 1st period - Timo Meier wins face-off versus Brett Howden in NEW YORK Rangers zone.
10:58 of 1st period - Icing by Cam Atkinson.
10:59 of 1st period - Jamie Benn wins face-off versus Brett Howden in SAN JOSE Sharks zone.
11:59 of 1st period - Minor Penalty to Tyler Myers for Interference.
12:00 of 1st period - Sam Bennett wins face-off versus Jamie Benn in NEW YORK Rangers zone.
12:01 of 1st period - Shot by John Klingberg.
12:01 of 1st period - Stopped by Linus Ullmark without a rebound.
12:02 of 1st period - John Tavares wins face-off versus Jamie Benn in NEW YORK Rangers zone.
12:15 of 1st period - Shot by Brayden McNabb.
12:15 of 1st period - Stopped by Linus Ullmark without a rebound.
12:16 of 1st period - Jamie Benn wins face-off versus Sam Bennett in NEW YORK Rangers zone.
12:24 of 1st period - Off-side.
12:25 of 1st period - John Tavares wins face-off versus Jamie Benn in neutral zone.
12:43 of 1st period - Kyle Connor is hit by Brayden Schenn.
13:25 of 1st period - Kyle Connor is hit by Jamie Benn and loses puck.
13:46 of 1st period - Cam Fowler is hit by Sam Bennett and loses puck.
14:10 of 1st period - Matt Nieto is hit by Andrew Copp.
14:14 of 1st period - Shot by Nick Cousins.
14:14 of 1st period - Shot Misses the Net.
14:16 of 1st period - Shot by Matt Nieto.
14:16 of 1st period - Stopped by Linus Ullmark without a rebound.
14:17 of 1st period - Casey Cizikas wins face-off versus Sam Bennett in NEW YORK Rangers zone.
14:17 of 1st period - Casey Cizikas is hit by Sam Bennett.
14:20 of 1st period - Ryan Lomberg is hit by Evander Kane and loses puck.
14:25 of 1st period - Andrew Mangiapane is hit by Casey Cizikas and loses puck.
14:42 of 1st period - Casey Cizikas is hit by Oliver Kylington and loses puck.
15:45 of 1st period - Icing by Jacob Middleton.
15:46 of 1st period - John Tavares wins face-off versus Andrew Copp in NEW YORK Rangers zone.
16:29 of 1st period - Icing by Brayden McNabb.
16:30 of 1st period - Jamie Benn wins face-off versus John Tavares in SAN JOSE Sharks zone.
16:39 of 1st period - Icing by Jared Spurgeon.
16:40 of 1st period - Jamie Benn wins face-off versus Sam Bennett in NEW YORK Rangers zone.
16:40 of 1st period - Jamie Benn is hit by Evander Kane.
17:02 of 1st period - Shot by Mats Zuccarello.
17:02 of 1st period - Shot Blocked by Andrew Mangiapane.
17:12 of 1st period - Shot by Jamie Benn.
17:12 of 1st period - Stopped by Semyon Varlamov without a rebound.
17:12 of 1st period - Minor Penalty to Troy Stecher for Slashing.
17:13 of 1st period - John Tavares wins face-off versus Brayden Schenn in SAN JOSE Sharks zone.
17:32 of 1st period - Shot by Cam Fowler.
17:32 of 1st period - Shot Blocked by Jack Johnson.
17:55 of 1st period - Icing by Cam Fowler.
17:56 of 1st period - Sam Bennett wins face-off versus Brayden Schenn in NEW YORK Rangers zone.
18:15 of 1st period - Shot by Sam Bennett.
18:15 of 1st period - Shot Misses the Net.
18:41 of 1st period - Shot by Jared Spurgeon.
18:41 of 1st period - Shot Misses the Net.
18:50 of 1st period - Icing by Chris Kreider.
18:51 of 1st period - Jamie Benn wins face-off versus John Tavares in NEW YORK Rangers zone.
19:26 of 1st period - Shot by Casey Cizikas.
19:26 of 1st period - Stopped by Semyon Varlamov without a rebound.
19:27 of 1st period - Casey Cizikas wins face-off versus Sam Bennett in SAN JOSE Sharks zone.
19:27 of 1st period - Dante Fabbro is hit by Jack Johnson and loses puck.
19:38 of 1st period - Shot by Evander Kane.
19:38 of 1st period - Stopped by Linus Ullmark without a rebound.
19:39 of 1st period - Jamie Benn wins face-off versus Matias Maccelli in NEW YORK Rangers zone.
19:52 of 1st period - Shot by Matias Maccelli.
19:52 of 1st period - Shot Misses the Net.
19:54 of 1st period - Shot by Cody Ceci.
19:54 of 1st period - Stopped by Linus Ullmark without a rebound.
19:55 of 1st period - John Tavares wins face-off versus Brayden Schenn in NEW YORK Rangers zone.
19:57 of 1st period - Kyle Connor is hit by Justin Faulk and loses puck.
Goals for this period are 1 for SAN JOSE Sharks vs 1 for NEW YORK Rangers.
Shots for this period are 9 for SAN JOSE Sharks vs 11 for NEW YORK Rangers.

2nd period


0:01 of 2nd period - John Tavares wins face-off versus Jamie Benn in neutral zone.
0:10 of 2nd period - Shot by Kyle Connor.
0:10 of 2nd period - Stopped by Linus Ullmark without a rebound.
0:11 of 2nd period - Brayden Schenn wins face-off versus Andrew Mangiapane in NEW YORK Rangers zone.
0:23 of 2nd period - Shot by Conor Garland.
0:23 of 2nd period - Shot Misses the Net.
0:25 of 2nd period - Shot by Tyler Myers.
0:25 of 2nd period - Shot Misses the Net.
0:29 of 2nd period - Shot by Timo Meier.
0:29 of 2nd period - Deflect By Brayden Schenn.
0:29 of 2nd period - Stopped by Semyon Varlamov without a rebound.
0:30 of 2nd period - John Tavares wins face-off versus Jamie Benn in SAN JOSE Sharks zone.
1:25 of 2nd period - Shot by Timo Meier.
1:25 of 2nd period - Shot Blocked by Cody Ceci.
1:27 of 2nd period - Shot by Conor Garland.
1:27 of 2nd period - Shot Misses the Net.
1:40 of 2nd period - Shot by Timo Meier.
1:40 of 2nd period - Shot Blocked by Brayden McNabb.
1:42 of 2nd period - Shot by Timo Meier.
1:42 of 2nd period - Stopped by Semyon Varlamov with a rebound.
1:50 of 2nd period - Shot by Conor Garland.
1:50 of 2nd period - Goal by Conor Garland - SAN JOSE Sharks : 1 - NEW YORK Rangers : 2.
1:51 of 2nd period - Sam Bennett wins face-off versus Kirill Marchenko in neutral zone.
2:08 of 2nd period - Shot by Andrew Copp.
2:08 of 2nd period - Stopped by Semyon Varlamov with a rebound.
2:11 of 2nd period - Andrew Copp is hit by John Klingberg and loses puck.
2:14 of 2nd period - Shot by Andrew Copp.
2:14 of 2nd period - Stopped by Semyon Varlamov without a rebound.
2:15 of 2nd period - Nick Cousins wins face-off versus Brayden Schenn in SAN JOSE Sharks zone.
2:15 of 2nd period - Nick Cousins is hit by Conor Garland.
2:18 of 2nd period - Icing by Troy Stecher.
2:19 of 2nd period - Nick Cousins wins face-off versus Jamie Benn in SAN JOSE Sharks zone.
2:21 of 2nd period - Icing by Matias Maccelli.
2:22 of 2nd period - Jamie Benn wins face-off versus Matias Maccelli in SAN JOSE Sharks zone.
2:49 of 2nd period - Shot by Jamie Benn.
2:49 of 2nd period - Shot Misses the Net.
2:55 of 2nd period - Shot by Jamie Benn.
2:55 of 2nd period - Shot Misses the Net.
3:10 of 2nd period - Icing by Oliver Kylington.
3:11 of 2nd period - Nick Cousins wins face-off versus Brayden Schenn in SAN JOSE Sharks zone.
3:23 of 2nd period - Minor Penalty to Kyle Connor for Tripping.
3:24 of 2nd period - Brayden Schenn wins face-off versus John Tavares in SAN JOSE Sharks zone.
3:45 of 2nd period - Shot by Timo Meier.
3:45 of 2nd period - Shot Misses the Net.
4:01 of 2nd period - Shot by John Klingberg.
4:01 of 2nd period - Goal by John Klingberg - SAN JOSE Sharks : 2 - NEW YORK Rangers : 2.
4:02 of 2nd period - John Tavares wins face-off versus Jamie Benn in neutral zone.
4:10 of 2nd period - Off-side.
4:11 of 2nd period - John Tavares wins face-off versus Chris Kreider in neutral zone.
4:34 of 2nd period - Shot by Jared Spurgeon.
4:34 of 2nd period - Shot Misses the Net.
4:36 of 2nd period - Shot by Jared Spurgeon.
4:36 of 2nd period - Shot Blocked by Cody Ceci.
4:38 of 2nd period - Shot by Jamie Benn.
4:38 of 2nd period - Shot Misses the Net.
4:40 of 2nd period - Shot by Jamie Benn.
4:40 of 2nd period - Shot Misses the Net.
5:26 of 2nd period - Shot by Troy Stecher.
5:26 of 2nd period - Stopped by Linus Ullmark with a rebound.
5:27 of 2nd period - Minor Penalty to Matt Nieto for Hooking.
5:28 of 2nd period - Nick Cousins wins face-off versus Brayden Schenn in SAN JOSE Sharks zone.
6:30 of 2nd period - Shot by Jamie Benn.
6:30 of 2nd period - Stopped by Semyon Varlamov without a rebound.
6:31 of 2nd period - Sam Bennett wins face-off versus Jamie Benn in SAN JOSE Sharks zone.
6:37 of 2nd period - Icing by Jared Spurgeon.
6:38 of 2nd period - Jamie Benn wins face-off versus John Tavares in NEW YORK Rangers zone.
6:49 of 2nd period - Shot by Jamie Benn.
6:49 of 2nd period - Stopped by Semyon Varlamov with a rebound.
6:51 of 2nd period - Shot by Chris Kreider.
6:51 of 2nd period - Shot Misses the Net.
6:53 of 2nd period - Shot by Jamie Benn.
6:53 of 2nd period - Shot Blocked by Cody Ceci.
6:55 of 2nd period - Shot by Jamie Benn.
6:55 of 2nd period - Shot Misses the Net.
6:57 of 2nd period - Shot by Justin Faulk.
6:57 of 2nd period - Shot Misses the Net.
6:59 of 2nd period - Shot by Jamie Benn.
6:59 of 2nd period - Goal by Jamie Benn - SAN JOSE Sharks : 2 - NEW YORK Rangers : 3.
7:00 of 2nd period - Brayden Schenn wins face-off versus Nick Cousins in neutral zone.
7:02 of 2nd period - Off-side.
7:03 of 2nd period - Sam Bennett wins face-off versus Brayden Schenn in neutral zone.
7:10 of 2nd period - Shot by Sam Bennett.
7:10 of 2nd period - Shot Hit the Post.
7:12 of 2nd period - Shot by Sam Bennett.
7:12 of 2nd period - Shot Blocked by Tyler Myers.
7:14 of 2nd period - Shot by Evander Kane.
7:14 of 2nd period - Shot Misses the Net.
7:52 of 2nd period - Brayden Schenn is hit by Sam Bennett and loses puck.
8:09 of 2nd period - Icing by Brayden Schenn.
8:10 of 2nd period - Brayden Schenn wins face-off versus John Tavares in NEW YORK Rangers zone.
8:33 of 2nd period - Shot by Kyle Connor.
8:33 of 2nd period - Goal by Kyle Connor - SAN JOSE Sharks : 3 - NEW YORK Rangers : 3.
8:34 of 2nd period - Andrew Copp wins face-off versus Nick Cousins in neutral zone.
8:41 of 2nd period - Shot by Kasperi Kapanen.
8:41 of 2nd period - Stopped by Semyon Varlamov without a rebound.
8:42 of 2nd period - John Tavares wins face-off versus Jamie Benn in SAN JOSE Sharks zone.
8:44 of 2nd period - Icing by Kyle Connor.
8:45 of 2nd period - Jamie Benn wins face-off versus John Tavares in SAN JOSE Sharks zone.
8:56 of 2nd period - Shot by Jamie Benn.
8:56 of 2nd period - Shot Misses the Net.
8:58 of 2nd period - Shot by Chris Kreider.
8:58 of 2nd period - Stopped by Semyon Varlamov without a rebound.
8:59 of 2nd period - Andrew Copp wins face-off versus Sam Bennett in SAN JOSE Sharks zone.
9:03 of 2nd period - Minor Penalty to Jack Johnson for High sticking.
9:04 of 2nd period - Jamie Benn wins face-off versus John Tavares in SAN JOSE Sharks zone.
10:04 of 2nd period - Timo Meier is hit by John Tavares and loses puck.
10:11 of 2nd period - Shot by Cam Fowler.
10:11 of 2nd period - Stopped by Semyon Varlamov with a rebound.
10:13 of 2nd period - Shot by Cam Fowler.
10:13 of 2nd period - Stopped by Semyon Varlamov with a rebound.
10:15 of 2nd period - Shot by Tyler Myers.
10:15 of 2nd period - Stopped by Semyon Varlamov without a rebound.
10:16 of 2nd period - Brayden Schenn wins face-off versus Sam Bennett in SAN JOSE Sharks zone.
11:08 of 2nd period - Brett Howden is hit by Jacob Middleton and loses puck.
11:39 of 2nd period - Austin Watson is hit by Ryan Lomberg and loses puck.
11:46 of 2nd period - Shot by Jacob Middleton.
11:46 of 2nd period - Shot Misses the Net.
12:08 of 2nd period - Jack Johnson is hit by Chris Kreider and loses puck.
12:10 of 2nd period - Minor Penalty to Chris Kreider for Hooking.
12:11 of 2nd period - Jamie Benn wins face-off versus Kyle Connor in NEW YORK Rangers zone.
12:21 of 2nd period - Off-side.
12:22 of 2nd period - John Tavares wins face-off versus Jamie Benn in neutral zone.
12:31 of 2nd period - Shot by Brayden McNabb.
12:31 of 2nd period - Stopped by Linus Ullmark with a rebound.
12:33 of 2nd period - Shot by Brayden McNabb.
12:33 of 2nd period - Shot Misses the Net.
12:35 of 2nd period - Shot by Brayden McNabb.
12:35 of 2nd period - Stopped by Linus Ullmark without a rebound.
12:36 of 2nd period - Jamie Benn wins face-off versus Sam Bennett in NEW YORK Rangers zone.
12:36 of 2nd period - Jamie Benn is hit by Evander Kane.
13:05 of 2nd period - Shot by Andrew Mangiapane.
13:05 of 2nd period - Shot Misses the Net.
13:07 of 2nd period - Shot by Sam Bennett.
13:07 of 2nd period - Stopped by Linus Ullmark without a rebound.
13:08 of 2nd period - John Tavares wins face-off versus Jamie Benn in NEW YORK Rangers zone.
13:33 of 2nd period - Shot by Joe Pavelski.
13:33 of 2nd period - Deflect By John Tavares.
13:33 of 2nd period - Stopped by Linus Ullmark without a rebound.
13:34 of 2nd period - Sam Bennett wins face-off versus Brayden Schenn in NEW YORK Rangers zone.
14:00 of 2nd period - Shot by Sam Bennett.
14:00 of 2nd period - Stopped by Linus Ullmark without a rebound.
14:01 of 2nd period - John Tavares wins face-off versus Brayden Schenn in NEW YORK Rangers zone.
14:19 of 2nd period - Icing by Cam Fowler.
14:20 of 2nd period - Andrew Copp wins face-off versus John Tavares in NEW YORK Rangers zone.
14:44 of 2nd period - Minor Penalty to Brayden McNabb for High sticking.
14:45 of 2nd period - John Tavares wins face-off versus Brayden Schenn in SAN JOSE Sharks zone.
14:55 of 2nd period - John Tavares is hit by Justin Faulk and loses puck.
14:59 of 2nd period - Icing by Jared Spurgeon.
15:00 of 2nd period - Sam Bennett wins face-off versus Brayden Schenn in NEW YORK Rangers zone.
15:09 of 2nd period - Sam Bennett is hit by Brayden Schenn and loses puck.
15:48 of 2nd period - Shot by Tyler Myers.
15:48 of 2nd period - Stopped by Semyon Varlamov without a rebound.
15:49 of 2nd period - Jamie Benn wins face-off versus Sam Bennett in SAN JOSE Sharks zone.
15:56 of 2nd period - Shot by Andrew Copp.
15:56 of 2nd period - Stopped by Semyon Varlamov without a rebound.
15:57 of 2nd period - John Tavares wins face-off versus Jamie Benn in SAN JOSE Sharks zone.
15:57 of 2nd period - John Tavares is hit by Jamie Benn.
16:54 of 2nd period - Icing by Jared Spurgeon.
16:55 of 2nd period - Sam Bennett wins face-off versus Conor Garland in NEW YORK Rangers zone.
16:56 of 2nd period - Shot by Andrew Mangiapane.
16:56 of 2nd period - Stopped by Linus Ullmark with a rebound.
17:05 of 2nd period - Andrew Mangiapane is hit by Justin Faulk and loses puck.
18:05 of 2nd period - Icing by Dante Fabbro.
18:06 of 2nd period - Casey Cizikas wins face-off versus John Tavares in NEW YORK Rangers zone.
18:08 of 2nd period - Icing by Ryan Lomberg.
18:09 of 2nd period - John Tavares wins face-off versus Vladislav Namestnikov in NEW YORK Rangers zone.
18:13 of 2nd period - Kyle Connor is hit by Jacob Middleton and loses puck.
18:21 of 2nd period - John Tavares is hit by Jacob Middleton.
18:22 of 2nd period - Minor Penalty to Jacob Middleton for Cross-checking.
18:23 of 2nd period - John Tavares wins face-off versus Jamie Benn in NEW YORK Rangers zone.
18:23 of 2nd period - Brayden McNabb is hit by Justin Faulk and loses puck.
18:46 of 2nd period - Shot by Kyle Connor.
18:46 of 2nd period - Stopped by Linus Ullmark without a rebound.
18:47 of 2nd period - Sam Bennett wins face-off versus Jamie Benn in NEW YORK Rangers zone.
18:48 of 2nd period - Shot by Andrew Mangiapane.
18:48 of 2nd period - Shot Blocked by Jared Spurgeon.
18:50 of 2nd period - Shot by Andrew Mangiapane.
18:50 of 2nd period - Shot Misses the Net.
18:52 of 2nd period - Shot by Cody Ceci.
18:52 of 2nd period - Stopped by Linus Ullmark without a rebound.
18:53 of 2nd period - John Tavares wins face-off versus Jamie Benn in NEW YORK Rangers zone.
19:05 of 2nd period - Icing by Cody Ceci.
19:06 of 2nd period - Joe Pavelski wins face-off versus Jamie Benn in SAN JOSE Sharks zone.
Goals for this period are 2 for SAN JOSE Sharks vs 2 for NEW YORK Rangers.
Shots for this period are 12 for SAN JOSE Sharks vs 15 for NEW YORK Rangers.

3rd period


0:01 of 3rd period - John Tavares wins face-off versus Jamie Benn in neutral zone.
0:22 of 3rd period - Shot by Kyle Connor.
0:22 of 3rd period - Stopped by Linus Ullmark without a rebound.
0:23 of 3rd period - Brayden Schenn wins face-off versus Sam Bennett in NEW YORK Rangers zone.
0:30 of 3rd period - Shot by Evander Kane.
0:30 of 3rd period - Stopped by Linus Ullmark without a rebound.
0:31 of 3rd period - John Tavares wins face-off versus Chris Kreider in NEW YORK Rangers zone.
0:51 of 3rd period - Jamie Benn is hit by Brayden McNabb and loses puck.
1:00 of 3rd period - Shot by Joe Pavelski.
1:00 of 3rd period - Deflect By Kyle Connor.
1:00 of 3rd period - Shot Misses the Net.
1:03 of 3rd period - Icing by Jared Spurgeon.
1:04 of 3rd period - Jamie Benn wins face-off versus Sam Bennett in NEW YORK Rangers zone.
1:10 of 3rd period - Jared Spurgeon is hit by Jack Johnson and loses puck.
1:17 of 3rd period - Shot by Jamie Benn.
1:17 of 3rd period - Stopped by Semyon Varlamov without a rebound.
1:18 of 3rd period - Nick Cousins wins face-off versus Conor Garland in SAN JOSE Sharks zone.
1:39 of 3rd period - Shot by Matias Maccelli.
1:39 of 3rd period - Stopped by Linus Ullmark with a rebound.
3:05 of 3rd period - Shot by Mats Zuccarello.
3:05 of 3rd period - Stopped by Semyon Varlamov without a rebound.
3:06 of 3rd period - Sam Bennett wins face-off versus Jamie Benn in SAN JOSE Sharks zone.
3:06 of 3rd period - Sam Bennett is hit by Jamie Benn.
3:19 of 3rd period - Minor Penalty to Jacob Middleton for High sticking.
3:20 of 3rd period - John Tavares wins face-off versus Jamie Benn in NEW YORK Rangers zone.
3:45 of 3rd period - Shot by John Klingberg.
3:45 of 3rd period - Shot Blocked by Jared Spurgeon.
3:47 of 3rd period - Shot by Kyle Connor.
3:47 of 3rd period - Deflect By Joe Pavelski.
3:47 of 3rd period - Shot Misses the Net.
4:45 of 3rd period - Shot by Jack Johnson.
4:45 of 3rd period - Shot Misses the Net.
4:47 of 3rd period - Shot by Cody Ceci.
4:47 of 3rd period - Shot Misses the Net.
4:49 of 3rd period - Shot by Andrew Mangiapane.
4:49 of 3rd period - Stopped by Linus Ullmark without a rebound.
4:50 of 3rd period - John Tavares wins face-off versus Jamie Benn in NEW YORK Rangers zone.
4:55 of 3rd period - Shot by Kyle Connor.
4:55 of 3rd period - Stopped by Linus Ullmark without a rebound.
4:56 of 3rd period - John Tavares wins face-off versus Jamie Benn in NEW YORK Rangers zone.
4:57 of 3rd period - Shot by Joe Pavelski.
4:57 of 3rd period - Deflect By Kyle Connor.
4:57 of 3rd period - Shot Blocked by Cam Fowler.
5:13 of 3rd period - Shot by Joe Pavelski.
5:13 of 3rd period - Stopped by Linus Ullmark without a rebound.
5:14 of 3rd period - Andrew Mangiapane wins face-off versus Brayden Schenn in NEW YORK Rangers zone.
5:20 of 3rd period - Sam Bennett is hit by Dante Fabbro and loses puck.
5:32 of 3rd period - Matt Nieto is hit by Jacob Middleton and loses puck.
5:45 of 3rd period - Shot by Nick Cousins.
5:45 of 3rd period - Stopped by Linus Ullmark without a rebound.
5:46 of 3rd period - John Tavares wins face-off versus Brayden Schenn in NEW YORK Rangers zone.
5:49 of 3rd period - Shot by Joe Pavelski.
5:49 of 3rd period - Shot Misses the Net.
5:52 of 3rd period - Icing by Justin Faulk.
5:53 of 3rd period - Timo Meier wins face-off versus John Tavares in NEW YORK Rangers zone.
6:22 of 3rd period - Off-side.
6:23 of 3rd period - Sam Bennett wins face-off versus Jamie Benn in neutral zone.
6:30 of 3rd period - Shot by Andrew Mangiapane.
6:30 of 3rd period - Stopped by Linus Ullmark without a rebound.
6:31 of 3rd period - Jamie Benn wins face-off versus Andrew Mangiapane in NEW YORK Rangers zone.
7:39 of 3rd period - Timo Meier is hit by Cody Ceci and loses puck.
7:47 of 3rd period - Kyle Connor is hit by Jared Spurgeon and loses puck.
8:38 of 3rd period - Kasperi Kapanen is hit by Brayden McNabb and loses puck.
9:01 of 3rd period - Shot by Kasperi Kapanen.
9:01 of 3rd period - Stopped by Semyon Varlamov with a rebound.
9:39 of 3rd period - Shot by Casey Cizikas.
9:39 of 3rd period - Shot Blocked by Jack Johnson.
9:43 of 3rd period - Shot by Vladislav Namestnikov.
9:43 of 3rd period - Shot Misses the Net.
10:06 of 3rd period - Icing by Cam Fowler.
10:07 of 3rd period - Casey Cizikas wins face-off versus Nick Cousins in NEW YORK Rangers zone.
10:09 of 3rd period - Icing by Cam Fowler.
10:10 of 3rd period - Nick Cousins wins face-off versus Casey Cizikas in NEW YORK Rangers zone.
10:10 of 3rd period - Matias Maccelli is hit by Tyler Myers and loses puck.
10:58 of 3rd period - Shot by Jamie Benn.
10:58 of 3rd period - Shot Misses the Net.
11:06 of 3rd period - Shot by Chris Kreider.
11:06 of 3rd period - Stopped by Semyon Varlamov with a rebound.
12:39 of 3rd period - Cam Atkinson is hit by Jacob Middleton.
12:45 of 3rd period - Austin Watson is hit by Conor Garland.
13:39 of 3rd period - Kyle Connor is hit by Kasperi Kapanen and loses puck.
13:49 of 3rd period - Minor Penalty to Cam Fowler for Interference.
13:50 of 3rd period - Brayden Schenn wins face-off versus Sam Bennett in NEW YORK Rangers zone.
13:50 of 3rd period - Brayden Schenn is hit by Evander Kane.
14:08 of 3rd period - Shot by Oliver Kylington.
14:08 of 3rd period - Shot Blocked by Timo Meier.
14:10 of 3rd period - Shot by Andrew Mangiapane.
14:10 of 3rd period - Deflect By Evander Kane.
14:10 of 3rd period - Shot Misses the Net.
14:12 of 3rd period - Shot by Andrew Mangiapane.
14:12 of 3rd period - Stopped by Linus Ullmark without a rebound.
14:13 of 3rd period - Jamie Benn wins face-off versus John Tavares in NEW YORK Rangers zone.
14:24 of 3rd period - Shot by John Klingberg.
14:24 of 3rd period - Shot Misses the Net.
14:28 of 3rd period - Shot by Joe Pavelski.
14:28 of 3rd period - Stopped by Linus Ullmark without a rebound.
14:29 of 3rd period - Brayden Schenn wins face-off versus Sam Bennett in NEW YORK Rangers zone.
14:56 of 3rd period - Shot by Sam Bennett.
14:56 of 3rd period - Stopped by Linus Ullmark without a rebound.
14:57 of 3rd period - John Tavares wins face-off versus Timo Meier in NEW YORK Rangers zone.
15:02 of 3rd period - Shot by John Tavares.
15:02 of 3rd period - Stopped by Linus Ullmark without a rebound.
15:03 of 3rd period - John Tavares wins face-off versus Brayden Schenn in NEW YORK Rangers zone.
16:00 of 3rd period - Shot by Andrew Copp.
16:00 of 3rd period - Shot Blocked by Oliver Kylington.
16:02 of 3rd period - Shot by Jacob Middleton.
16:02 of 3rd period - Stopped by Semyon Varlamov without a rebound.
16:03 of 3rd period - Sam Bennett wins face-off versus Casey Cizikas in SAN JOSE Sharks zone.
16:20 of 3rd period - Shot by Evander Kane.
16:20 of 3rd period - Stopped by Linus Ullmark without a rebound.
16:21 of 3rd period - Nick Cousins wins face-off versus Brayden Schenn in NEW YORK Rangers zone.
16:50 of 3rd period - Shot by Matias Maccelli.
16:50 of 3rd period - Stopped by Linus Ullmark without a rebound.
16:51 of 3rd period - Jamie Benn wins face-off versus John Tavares in NEW YORK Rangers zone.
17:12 of 3rd period - Shot by Mats Zuccarello.
17:12 of 3rd period - Stopped by Semyon Varlamov without a rebound.
17:13 of 3rd period - Brayden Schenn wins face-off versus Sam Bennett in SAN JOSE Sharks zone.
17:14 of 3rd period - Shot by Timo Meier.
17:14 of 3rd period - Deflect By Brayden Schenn.
17:14 of 3rd period - Goal by Brayden Schenn - SAN JOSE Sharks : 3 - NEW YORK Rangers : 4.
17:15 of 3rd period - Brayden Schenn wins face-off versus Sam Bennett in neutral zone.
17:44 of 3rd period - Shot by Conor Garland.
17:44 of 3rd period - Stopped by Semyon Varlamov without a rebound.
17:45 of 3rd period - John Tavares wins face-off versus Jamie Benn in SAN JOSE Sharks zone.
17:59 of 3rd period - Minor Penalty to John Tavares for Delaying the game.
18:00 of 3rd period - Jamie Benn wins face-off versus Sam Bennett in SAN JOSE Sharks zone.
18:55 of 3rd period - Jared Spurgeon is hit by John Klingberg and loses puck.
19:10 of 3rd period - Shot by Cam Fowler.
19:10 of 3rd period - Stopped by Semyon Varlamov without a rebound.
19:11 of 3rd period - Brayden Schenn wins face-off versus Sam Bennett in SAN JOSE Sharks zone.
19:30 of 3rd period - Jack Johnson is hit by Timo Meier and loses puck.
Goals for this period are 0 for SAN JOSE Sharks vs 1 for NEW YORK Rangers.
Shots for this period are 14 for SAN JOSE Sharks vs 9 for NEW YORK Rangers. Output by the SimonT Hockey Simulator (STHS) for Martin Benoit - Original Page W3C HTML5 Valid
Hockey Simulator - Hockey Simulation - Hockey Manager